 Dungeon Crawl Stone Soup version 0.30-a0-1043-g60ff8d5f49 (webtiles) character file.

Game seed: 4294676434561759792

7245 Pooter the Skirmisher (level 10, -8/93 HPs)
             Began as a Minotaur Berserker on Apr 9, 2023.
             Was an Elder of Trog.
             Mangled by an orc knight
             ... wielding a +0 battleaxe
              (24 damage)
             ... on level 9 of the Dungeon.
             The game lasted 00:50:46 (7894 turns).

Pooter the Skirmisher (Minotaur Berserker)          Turns: 7894, Time: 00:50:47

Health: -8/93      AC: 10    Str: 23    XL:     10   Next: 88%
Magic:  9/9        EV: 12    Int: 10    God:    Trog [****..]
Gold:   452        SH:  0    Dex: 14    Spells: 9/9 levels left

rFire   + + .      SeeInvis .    a - +2 flail (heavy)
rCold   . . .      Faith    .    (no shield)
rNeg    . . .      Spirit   .    P - +3 troll leather armour of Free Expression {rF++ Regen+ Str-4 Dex+6}
rPois   .          Reflect  .    (helmet restricted)
rElec   .          Rampage  .    (no cloak)
rCorr   .                        I - +2 pair of gloves
Will    .....                    (no boots)
Stlth   ++                       B - amulet of regeneration
HPRegen 1.95/turn                q - +4 ring of slaying
MPRegen 0.11/turn                C - ring "Beoppacw" {Str+4 Int+6 Dex-5 Slay+2 Stlth+}

@: mighty, on berserk cooldown, slowed, studying Ranged Weapons, very slow
A: horns 2, retaliatory headbutt
a: Renounce Religion, Berserk, Trog's Hand, Brothers in Arms


You were on level 9 of the Dungeon.
You worshipped Trog.
Trog was greatly pleased with you.
You visited 1 branch of the dungeon, and saw 9 of its levels.
You also visited: Sewer.

You collected 452 gold pieces.

Inventory:

Hand Weapons
 a - a +2 heavy flail (weapon)
   (You took it off an orc wizard on level 4 of the Dungeon)
 b - a +0 longbow
   (You found it on level 8 of the Dungeon)
 n - a +0 hand axe
 s - a +0 flail
   (You took it off a gnoll on level 2 of the Dungeon)
 u - a +0 halberd
   (You took it off a gnoll on level 4 of the Dungeon)
 y - a +0 war axe
   (You took it off an orc on level 4 of the Dungeon)
 N - a +0 sling
   (You found it on level 2 of the Dungeon)
 R - a +0 antimagic shortbow
   (You took it off a centaur on level 9 of the Dungeon)
Missiles
 e - 16 poisoned darts
 i - 2 boomerangs
 A - a curare-tipped dart
 Q - 80 stones (quivered)
Armour
 l - a +0 plate armour
   (You took it off an orc warrior on level 9 of the Dungeon)
 I - a +2 pair of gloves (worn)
   (You found it on level 7 of the Dungeon)
 L - a +2 buckler
   (You found it on level 7 of the Dungeon)
 P - the +3 troll leather armour of Free Expression (worn) {rF++ Regen+ Str-4 Dex+6}
   (You found it on level 9 of the Dungeon)

   Str:       It affects your strength (-4).
   Dex:       It affects your dexterity (+6).
   rF:        It greatly protects you from fire.
   Regen:     It increases your rate of health regeneration.
Jewellery
 q - a +4 ring of slaying (left hand)
   (You found it on level 3 of the Dungeon)
 w - a +5 ring of evasion
   (You found it on level 3 of the Dungeon)
 B - an amulet of regeneration (around neck)
   (You found it on level 4 of the Dungeon)
 C - the ring "Beoppacw" (right hand) {Str+4 Int+6 Dex-5 Slay+2 Stlth+}
   (You found it on level 4 of the Dungeon)

   [ring of intelligence]

   Str:       It affects your strength (+4).
   Int:       It affects your intelligence (+6).
   Dex:       It affects your dexterity (-5).
   Slay:      It affects your accuracy & damage with ranged weapons and melee
   (+2).
   Stlth:     It makes you more stealthy.
 H - a +6 ring of strength
   (You found it on level 5 of the Dungeon)
Wands
 D - a wand of digging (6)
   (You found it on level 6 of the Dungeon)
 G - a wand of polymorph (4)
   (You found it on level 5 of the Dungeon)
Scrolls
 d - a scroll of butterflies
 f - 6 scrolls of blinking
 g - 2 scrolls of fear
 j - 5 scrolls of enchant armour
 k - 4 scrolls of fog
 m - 4 scrolls of immolation {!r}
 r - a scroll of noise {!r}
 t - 5 scrolls of teleportation {@r4}
 E - 2 scrolls of vulnerability {unknown}
 F - a scroll of poison {!r}
 O - a scroll of torment {unknown}
Potions
 c - 2 potions of cancellation {unknown}
 h - 5 potions of haste {@q3}
 o - 3 potions of curing {@q1}
 p - a potion of heal wounds {unknown}
 v - 4 potions of flight
 x - 3 potions of might
 z - 2 potions of attraction {!q}
 J - 2 potions of mutation {unknown}
 K - 2 potions of resistance {unknown}
 M - a potion of ambrosia {unknown}


   Skills:
 + Level 9.8 Fighting
 - Level 9.0(11.0) Axes
 * Level 10.1(11.6) Maces & Flails
 * Level 13.7 Ranged Weapons
 - Level 2.4 Armour
 - Level 2.1 Dodging


You had 9 spell levels left.
You didn't know any spells.
Your spell library was empty.

Dungeon Overview and Level Annotations

Branches:
Dungeon (9/15)             Temple (0/1) D:4           Sewer (visited)
   Lair: D:8-11         Orc: D:9-12

Altars:
Ashenzari
Elyvilon
Nemelex Xobeh
Qazlal
Uskayaw
Wu Jian
Zin

Annotations:
D:4 2 runed translucent doors
D:6 3 runed translucent doors, NateTC's ghost, novice TrBe


Innate Abilities, Weirdness & Mutations

You have a pair of horns on your head.
You reflexively headbutt those who attack you in melee.


Message History

You sock the fire dragon!
The fire dragon bites you but does no damage.
The fire dragon claws you but does no damage.
The fire dragon tramples you.
You hold your ground!
You barely miss the fire dragon.
You headbutt the fire dragon, but do no damage.
The fire dragon bites you. The fire dragon claws you.
The fire dragon closely misses you.
You closely miss the fire dragon. The fire dragon bites you!
The fire dragon claws you. The fire dragon tramples you.
You hold your ground!
You hit the fire dragon but do no damage.
The fire dragon bites you!
The fire dragon claws you but does no damage.
The fire dragon tramples you but does no damage.
You closely miss the fire dragon. You headbutt the fire dragon!
The fire dragon breathes flames at you. The blast of flame hits you!
You resist.
You thump the fire dragon!
You headbutt the fire dragon, but do no damage.
You bludgeon the fire dragon!! You headbutt the fire dragon!
You are no longer berserk.
You are exhausted.
You feel yourself slow down. The fire dragon bites you.
The fire dragon claws you. The fire dragon tramples you!
* * * LOW HITPOINT WARNING * * *
You hold your ground!
You feel very mighty all of a sudden. The fire dragon bites you!
* * * LOW HITPOINT WARNING * * *
The fire dragon claws you.
* * * LOW HITPOINT WARNING * * *
The fire dragon tramples you.
* * * LOW HITPOINT WARNING * * *
You hold your ground!
The fire dragon bites you.
* * * LOW HITPOINT WARNING * * *
The fire dragon claws you but does no damage.
The fire dragon tramples you!
* * * LOW HITPOINT WARNING * * *
You hold your ground!
You crush the fire dragon like a grape!!!
You kill the fire dragon!
Trog accepts your kill.
The fire dragon scales are intact enough to wear.
The orc knight hits you with a +0 battleaxe!
* * * LOW HITPOINT WARNING * * *
Your base Maces & Flails skill increases to level 10!
You sock the orc knight!
The orc knight hits you with a +0 battleaxe!!
You die...

#..# ..#♣.............♣ ♣....#.
...# ..#♣.♣♣♣♣♣♣♣♣♣♣♣.♣ ♣.≈♣.#.
##.# ♣.#♣.♣.........♣.♣ ♣.~..#.
#)# ♣.#♣.♣†♣♣♣♣♣♣♣.♣.♣ ♣.≈.♣#.
#.# ♣.#♣.♣.♣######.♣.♣ ♣..♣♣#.
#.#♣♣♣♣.#♣.♣.♣#.'.)#.♣.♣#♣.♣♣♣#.
#..........♣.♣#.'.|#.♣..)†......
##)#♣♣♣♣.#♣.♣†♣#o####.♣.♣#♣♣♣.♣#.
...# ♣♣..#♣.♣.♣#@.....♣.♣ ♣...♣#.
.[)#♣♣...#♣.♣.♣♣♣♣♣♣♣♣♣.♣ ♣♣♣..#.
..)#♣..♣.#♣.♣.........[.♣ ♣..≈.#.
..)#..♣♣.#♣.♣♣♣♣♣♣♣♣♣♣♣♣♣ ♣.~≈.#.
##.#.♣♣.♣#♣.. ♣♣~≈.#. #.#♣♣.♣♣
♣♣♣ ♣..♣#. ##.# ### #####. ...#
## .###


You could see an orc knight.

Vanquished Creatures
  A fire dragon (D:9)
  A boulder beetle (D:9)
  A two-headed ogre (D:9)
  An unseen horror (D:6)
  A hornet (D:9)
  Sigmund (D:2)
  A yak (D:9)
  2 wraiths
  A vampire (D:9)
  A steam dragon (D:7)
  2 acid dragons (D:9)
  4 orc warriors
  A sky beast (D:6)
  A black bear (D:7)
  An ice beast (D:7)
  3 centaurs
  3 kobold brigands
  3 phantoms
  6 bullfrogs
  A gnoll sergeant (D:5)
  2 scorpions
  11 killer bees (D:9)
  5 howler monkeys
  2 hounds
  5 jellies
  4 orc priests
  A sleepcap (D:4)
  3 gnoll boudas
  Jessica (D:2)
  An iguana (D:5)
  6 orc wizards
  34 gnolls
  15 adders
  5 river rats (Sewer)
  A shadow imp (D:7)
  5 worms
  A dart slug (D:1)
  30 orcs
  9 ball pythons
  6 endoplasms
  5 giant cockroaches
  7 goblins
  5 hobgoblins
  9 jackals
  5 kobolds
  11 quokkas
  11 bats
  7 frilled lizards
  6 rats
249 creatures vanquished.

Vanquished Creatures (others)
  An orc wizard (D:9)
  6 fungi
  9 plants
16 creatures vanquished.

Grand Total: 265 creatures vanquished

Notes
Turn   | Place    | Note
-------+----------+-------------------------------------------
     0 | D:1      | Pooter the Minotaur Berserker began the quest for the Orb.
     0 | D:1      | Reached XP level 1. HP: 19/19 MP: 0/0
   192 | D:1      | Reached XP level 2. HP: 26/27 MP: 1/1
   904 | D:2      | Noticed Sigmund
   917 | D:2      | Reached XP level 3. HP: 33/33 MP: 2/2
  1084 | D:2      | Noticed Jessica
  1103 | D:2      | Killed Jessica
  1104 | D:2      | Reached skill level 1 in Ranged Weapons
  1231 | D:2      | Reached skill level 5 in Axes
  1244 | D:2      | Reached XP level 4. HP: 41/41 MP: 3/3
  1468 | D:2      | Reached skill level 2 in Ranged Weapons
  1570 | D:2      | Killed Sigmund
  1571 | D:2      | Reached skill level 5 in Fighting
  1571 | D:2      | Reached skill level 3 in Ranged Weapons
  1571 | D:2      | Reached XP level 5. HP: 48/48 MP: 4/4
  1571 | D:2      | Reached XP level 6. HP: 56/56 MP: 5/5
  1955 | D:2      | Reached ** piety under Trog
  1990 | D:3      | Found a white marble altar of Elyvilon.
  2218 | D:3      | Found a faded altar of an unknown god.
  2429 | D:4      | Reached skill level 4 in Ranged Weapons
  2574 | D:4      | Found a staircase to the Ecumenical Temple.
  2664 | D:4      | Reached XP level 7. HP: 61/61 MP: 6/6
  2796 | D:4      | Found a large runed translucent door.
  2796 | D:4      | Found a large runed translucent door.
  2808 | D:4      | Found a large runed translucent door.
  2808 | D:4      | Found a large runed translucent door.
  2937 | D:4      | Found a glowing drain.
  2942 | Sewer    | Entered a sewer
  2993 | Sewer    | Reached *** piety under Trog
  3508 | Sewer    | Reached skill level 5 in Ranged Weapons
  4009 | D:4      | Reached **** piety under Trog
  4136 | D:4      | Reached XP level 8. HP: 71/71 MP: 7/7
  4187 | D:4      | Identified the ring "Beoppacw" {Str+4 Int+6 Dex-5 Slay+2
                  | Stlth+}
  4203 | D:5      | Entered Level 5 of the Dungeon
  4217 | D:5      | Reached skill level 1 in Maces & Flails
  4268 | D:5      | Reached skill level 6 in Ranged Weapons
  5251 | D:6      | Noticed a troll
  5254 | D:6      | Noticed NateTC's ghost (novice TrBe)
  5255 | D:6      | Found a runed translucent gate.
  5358 | D:6      | Reached skill level 7 in Ranged Weapons
  5383 | D:6      | Found a hide-covered altar of Uskayaw.
  5383 | D:6      | Found a faded altar of an unknown god.
  5393 | D:6      | Found a faded altar of an unknown god.
  5395 | D:6      | Found a glowing silver altar of Zin.
  5397 | D:6      | Found a sparkling altar of Nemelex Xobeh.
  5452 | D:6      | Killed an unseen horror
  5453 | D:6      | Reached XP level 9. HP: 79/79 MP: 8/8
  5502 | D:6      | Found a broken altar of Ashenzari.
  5575 | D:6      | Identified a scroll of acquirement
  5576 | D:6      | Acquired a manual of Ranged Weapons
  5621 | D:6      | Found a runed translucent gate.
  5621 | D:6      | Found a runed translucent gate.
  5969 | D:6      | Reached skill level 8 in Ranged Weapons
  6185 | D:7      | Reached skill level 5 in Maces & Flails
  6427 | D:7      | Reached skill level 9 in Ranged Weapons
  6489 | D:7      | Found a stormy altar of Qazlal.
  7073 | D:8      | Reached skill level 10 in Ranged Weapons
  7119 | D:9      | Noticed a cyclops
  7119 | D:9      | Noticed a cyan ugly thing
  7199 | D:9      | Found an ornate altar of the Wu Jian Council.
  7223 | D:9      | Identified the +3 troll leather armour of Free Expression
                  | {rF++ Regen+ Str-4 Dex+6}
  7241 | D:9      | Noticed a centaur warrior
  7249 | D:9      | Noticed a seven-headed hydra
  7305 | D:9      | Reached skill level 11 in Ranged Weapons
  7331 | D:9      | Noticed a two-headed ogre
  7343 | D:9      | Killed a two-headed ogre
  7344 | D:9      | Reached XP level 10. HP: 90/90 MP: 9/9
  7571 | D:9      | Reached skill level 12 in Ranged Weapons
  7573 | D:9      | Noticed a boulder beetle
  7595 | D:9      | Killed a boulder beetle
  7720 | D:9      | Reached skill level 13 in Ranged Weapons
  7879 | D:9      | Noticed an orc knight
  7880 | D:9      | Noticed a fire dragon
  7893 | D:9      | Killed a fire dragon
  7894 | D:9      | Reached skill level 10 in Maces & Flails
  7894 | D:9      | Mangled by an orc knight

Illustrated notes

Levels and vault maps discovered:
D:1:      minmay_arrival_jagged, layout_loops_ring, minivault_23,
          minmay_misc_feat_iff, chequers_arboretum, st_stairs_3, feat_on_display
D:2:      layout_loops_corners, uniq_jessica, uniq_sigmund
D:3:      layout_rooms, elyvilon_altar_4,
          shapermc_ecumenical_altar_mp_urbaneastern
D:4:      layout_basic, minmay_temple_entry_sparse_star, portal_sewer_entry_e,
          dk_vineyard_2, minmay_hollow_rounded_squares
D:5:      layout_loops_corners
D:6:      layout_loops_ring, mainiacjoe_overflow_surrounded_room,
          chequers_temple_overflow_minitemple, gammafunk_ghost_split
D:7:      layout_rooms, mainiacjoe_overflow_boulevard
D:8:      layout_rooms
D:9:      nzn_winding_woodlands_cross [nzn_winding_woodlands_5x15_longhouse,
          nzn_winding_woodlands_5x15_pockets,
          nzn_winding_woodlands_5x15_pathside_ponds,
          nzn_winding_woodlands_5x15_parted,
          nzn_winding_woodlands_15x15_boxy_spiral], layout_rooms,
          nicolae_overflow_crystal_walls, serial_shops, shop_statue,
          grunt_ministairs_1, abandoned_shop,
          nicolae_concentric_dashed_squares_mild,
          onia_ninara_dug_in_and_dangerous

Skill      XL: |  1  2  3  4  5  6  7  8  9 10 |
---------------+-------------------------------+-----
Axes           | 4 5 6 8 9 |  9.0
Fighting       | 4 5 6 7 8 9 |  9.8
Ranged Weapons | 1 3 4 5 7 11 13 | 13.7
Maces & Flails | 4 8 10 | 10.1
Armour         | |  2.4
Dodging        | |  2.1

Action                     |  1- 3 |  4- 6 |  7- 9 | 10-12 || total
---------------------------+-------+-------+-------+-------++-------
  Melee: Hand axe          |    44 |     5 |       |       ||    49
         Headbutt          |    10 |    16 |    37 |     9 ||    72
         Flail             |       |    39 |   110 |    52 ||   201
         Halberd           |       |    27 |       |       ||    27
         War axe           |       |     3 |    65 |       ||    68
         Punch             |       |       |     1 |       ||     1
   Fire: Sling             |    10 |    38 |   108 |       ||   156
         Longbow           |       |       |    15 |     9 ||    24
  Throw: Dart              |     6 |       |       |       ||     6
         Stone             |     1 |       |    10 |       ||    11
 Invoke: Berserk           |     3 |     3 |     8 |     3 ||    17
         Trog's Hand       |       |     2 |     6 |     1 ||     9
  Evoke: Wand              |       |       |     2 |     2 ||     4
    Use: Scroll            |     2 |     5 |    12 |       ||    19
         Potion            |       |       |     2 |     1 ||     3
   Stab: Distracted        |       |       |     1 |       ||     1
 Armour: Animal skin       |     5 |       |       |       ||     5
         Chain mail        |     7 |    35 |   120 |       ||   162
         Troll leather arm |       |       |     3 |    19 ||    22
  Dodge: Dodged            |    27 |    55 |   161 |    28 ||   271
  Block: Buckler           |       |       |     5 |       ||     5

Table legend: (Time is in decaauts)
 A = Elapsed time spent in this place.
 B = Non-inter-level travel time spent in this place.
 C = Inter-level travel time spent in this place.
 D = Time resting spent in this place.
 E = Time spent auto-exploring this place.
 F = Levels seen in this place.
 G = Mean time per level.
                   A        B        C        D        E       F      G
               +--------+--------+--------+--------+--------+-----+--------+
         Total |   8355 |   8221 |    134 |   1350 |   4643 |  10 |  835.5 |
       Dungeon |   7305 |   7171 |    134 |   1145 |   4109 |   9 |  811.7 |
         Sewer |   1049 |   1049 |      0 |    205 |    533 |   1 | 1049.0 |
               +--------+--------+--------+--------+--------+-----+--------+

Top non-repeatable levels by time:
     D:2: 1217 daAuts
     D:4: 1058 daAuts
   Sewer: 1049 daAuts
     D:5: 1049 daAuts
     D:9: 850 daAuts
     D:6: 800 daAuts
     D:1: 789 daAuts
     D:7: 754 daAuts
     D:3: 392 daAuts
     D:8: 390 daAuts
